 Dungeon Sprint DCSS version 0.21.0-25-ge575cb9 (webtiles) character file.

8271 wojtek the Severer (level 11, -33/166 HPs)
             Began as a Minotaur Berserker on Jan 25, 2018.
             Was the Champion of Trog.
             Annihilated by Rupert
             ... wielding a +5 great mace of holy wrath
              (37 damage)
             ... in the Dungeon (Sprint III: "The Ten Rune Challenge").
             The game lasted 00:06:40 (1931 turns).

wojtek the Severer (Minotaur Berserker)             Turns: 1931, Time: 00:06:40

Health: -33/166    AC: 13    Str: 30    XL:     11   Next: 7%
Magic:  10/10      EV: 15    Int:  4    God:    Trog [******]
Gold:   1558       SH:  0    Dex: 10    Spells: 10/10 levels left

rFire    . . .     SeeInvis .   a - +4 broad axe (flame)
rCold    . . .     Gourm    .   (no shield)
rNeg     . . .     Faith    .   x - +0 chain mail
rPois    .         Spirit   .   (helmet restricted)
rElec    .         Reflect  .   (no cloak)
rCorr    .         Harm     .   (no gloves)
MR       .....     NoTele   +   (no boots)
Stlth    ..........             (no amulet)
HPRegen  0.37/turn              (no ring)
MPRegen  0.12/turn              (no ring)

@: berserking, very quick
A: retaliatory headbutt, horns 2
a: Berserk, Trog's Hand, Brothers in Arms, Burn Spellbooks, Renounce Religion


You were in the Dungeon.
You worshipped Trog.
Trog was exalted by your worship.
You were near starving.

You visited 1 branch You collected 1635 gold pieces.
You spent 77 gold pieces at shops.

Inventory:

Hand Weapons
 a - a +4 broad axe of flaming (weapon)
 b - a +2 antimagic battleaxe
 s - a +5 antimagic executioner's axe
 v - a +4 battleaxe of freezing
Armour
 u - a +1 troll leather armour {Snorg}
 x - a +0 chain mail (worn)
Wands
 l - a wand of random effects (12)
Scrolls
 i - a scroll of blinking
 k - 4 scrolls of identify
 m - a scroll of holy word {unknown}
 n - 3 scrolls of remove curse
 p - a scroll of immolation {unknown}
 y - a scroll of fog
 z - a scroll of fear
Potions
 d - a potion of curing
 e - 2 potions of heal wounds
 f - a potion of haste
 g - 2 potions of magic
 h - 2 potions of berserk rage
 o - a potion of agility {unknown}
 q - a potion of flight {unknown}
 r - 6 potions of mutation
Miscellaneous
 j - a fan of gales
Comestibles
 c - 18 rations
 t - 5 chunks of flesh


   Skills:
 + Level 14.4 Fighting
 * Level 19.1 Axes
 + Level 14.2 Armour
 + Level 13.2 Dodging


You had 10 spell levels left.
You didn't know any spells.

Dungeon Overview and Level Annotations

Branches:
Dungeon (1/1)

Altars:
Cheibriados
Dithmenos
Elyvilon
Fedhas
Gozag
Hepliaklqana
Kikubaaqudgha
Makhleb
Nemelex Xobeh
Okawaru
Qazlal
Ru
Sif Muna
Trog
Uskayaw
Vehumet
Wu Jian
Xom
Yredelemnul
Zin
The Shining One
Beogh
Jiyva
Lugonu

Shops:
D ?

Annotations:
D Rupert


Innate Abilities, Weirdness & Mutations

You reflexively headbutt those who attack you in melee.
You have a pair of horns on your head.


Message History

Rupert is severely wounded.
Rupert hits you with a great mace of holy wrath!!
You slice Rupert!! You burn Rupert!
Rupert is almost dead.
Rupert hits you with a great mace of holy wrath!!
You hit Rupert. You burn Rupert.
Rupert is almost dead.
You slash Rupert! You burn Rupert. You headbutt Rupert, but do no damage.
Rupert is almost dead.
Rupert hits you with a great mace of holy wrath!!!
* * * LOW HITPOINT WARNING * * *
A red film seems to cover your vision as you go berserk!
You feel yourself moving faster!
You feel mighty!
You are near starving!
Rupert hits you with a great mace of holy wrath!
* * * LOW HITPOINT WARNING * * *
You hit Rupert. You burn Rupert. Your headbutt misses Rupert.
Rupert is almost dead.
Rupert hits you with a great mace of holy wrath!!!
You die...

#(.# #..#####....#___#__
▓▓▓▓▓▓▓▓▓▓▓▓▓▓▓▓▓▓▓▓▓▓▓▓
+≈≈≈§≈≈≈≈≈♣♣.....♣♣♣
#≈≈≈≈§§§≈≈♣♣.≈≈≈≈'♣♣
#.≈≈§≈§≈≈≈≈÷)....#.≈
#≈≈≈§≈§≈≈≈♣♣♣♣♣♣♣#..
#≈≈.≈≈≈≈.≈♣ ###
▓##+####'######
▓......@@.......
▓#+#############


You could see Rupert (berserk).

Vanquished Creatures
  Snorg (D)
  A centaur warrior (D)
  2 unseen horrors (D)
  A deep elf mage (D)
  2 spiny frogs (D)
  A rime drake (D)
  A komodo dragon (D)
  5 blink frogs (D)
  A shadow (D)
  A spatial vortex (D)
  3 wandering mushrooms (D)
  A swamp drake (D)
  An orc warrior (D)
  A necrophage (D)
  2 centaurs (D)
  An earth elemental (D)
  A water elemental (D)
  23 killer bees (D)
  A jelly (D)
  An orc priest (D)
  A wizard (D)
  Jessica (D)
  A necromancer (D)
  A kobold demonologist (D)
  3 humans (D)
  An ooze (D)
  A phantom (D)
  2 rats (D)
62 creatures vanquished.

Vanquished Creatures (collateral kills)
  An orc high priest (D)
  A queen bee (D)
  9 killer bees (D)
  2 orc priests (D)
  3 orc wizards (D)
  10 orcs (D)
26 creatures vanquished.

Vanquished Creatures (others)
  2 draconian scorchers (D)
  6 hellions (D)
  A yaktaur (D)
9 creatures vanquished.

Grand Total: 97 creatures vanquished

Notes
Turn   | Place    | Note
-------+----------+-------------------------------------------
     0 | D        | wojtek the Minotaur Berserker began the quest for the Orb.
     0 | D        | Reached XP level 1. HP: 19/19 MP: 0/0
    10 | D        | Reached skill level 4 in Axes
    82 | D        | Reached ** piety under Trog
    85 | D        | Noticed Jessica
    86 | D        | Killed a hellion
    88 | D        | Killed Jessica
    88 | D        | Reached skill level 5 in Axes
    88 | D        | Reached XP level 2. HP: 28/28 MP: 1/1
    88 | D        | Reached XP level 3. HP: 35/35 MP: 2/2
   104 | D        | Reached skill level 5 in Fighting
   104 | D        | Reached skill level 6 in Axes
   112 | D        | Reached *** piety under Trog
   116 | D        | Killed a yaktaur
   125 | D        | Killed a hellion
   128 | D        | Killed a hellion
   128 | D        | Killed a hellion
   158 | D        | Killed a hellion
   172 | D        | Killed a hellion
   195 | D        | Killed a white draconian scorcher
   196 | D        | Killed a white draconian scorcher
   200 | D        | Noticed a water elemental
   204 | D        | Killed a water elemental
   204 | D        | Reached skill level 7 in Axes
   204 | D        | Reached skill level 5 in Armour
   204 | D        | Reached XP level 4. HP: 44/44 MP: 3/3
   271 | D        | Found a radiant altar of Vehumet.
   271 | D        | Found a deep blue altar of Sif Muna.
   271 | D        | Found an ancient bone altar of Kikubaaqudgha.
   271 | D        | Noticed a wizard
   275 | D        | Killed a wizard
   275 | D        | Reached skill level 8 in Axes
   275 | D        | Reached skill level 5 in Dodging
   275 | D        | Reached XP level 5. HP: 51/51 MP: 4/4
   275 | D        | Reached **** piety under Trog
   334 | D        | Found a glowing silver altar of Zin.
   335 | D        | Found a glowing golden altar of the Shining One.
   335 | D        | Found a white marble altar of Elyvilon.
   335 | D        | Noticed a deep elf mage
   348 | D        | Killed a deep elf mage
   348 | D        | Reached ***** piety under Trog
   348 | D        | Reached skill level 12 in Axes
   348 | D        | Reached XP level 6. HP: 51/63 MP: 5/5
   348 | D        | Reached XP level 7. HP: 56/70 MP: 6/6
   384 | D        | Found a hide-covered altar of Uskayaw.
   384 | D        | Found a roughly hewn altar of Beogh.
   384 | D        | Found an iron altar of Okawaru.
   384 | D        | Found a bloodstained altar of Trog.
   384 | D        | Found an ornate altar of the Wu Jian Council.
   384 | D        | Noticed a human
   387 | D        | Noticed a human
   389 | D        | Killed a human
   394 | D        | Killed a human
   435 | D        | Found a basalt altar of Yredelemnul.
   435 | D        | Found a shadowy altar of Dithmenos.
   435 | D        | Found a sacrificial altar of Ru.
   438 | D        | Reached skill level 10 in Fighting
   438 | D        | Reached skill level 13 in Axes
   443 | D        | Received a gift from Trog
   588 | D        | Noticed a shadow
   591 | D        | Killed a shadow
   591 | D        | Reached XP level 8. HP: 79/79 MP: 2/7
   592 | D        | Reached skill level 10 in Armour
   619 | D        | Found a blossoming altar of Fedhas.
   619 | D        | Found a stormy altar of Qazlal.
   619 | D        | Found a snail-covered altar of Cheibriados.
   619 | D        | Found a burning altar of Makhleb.
   619 | D        | Found a shimmering altar of Xom.
   620 | D        | Found a hazy altar of Hepliaklqana.
   620 | D        | Found an opulent altar of Gozag.
   620 | D        | Found a sparkling altar of Nemelex Xobeh.
   620 | D        | Found a corrupted altar of Lugonu.
   620 | D        | Found a viscous altar of Jiyva.
   638 | D        | Noticed Snorg
   648 | D        | Killed Snorg
   648 | D        | Reached skill level 15 in Axes
   648 | D        | Reached skill level 10 in Dodging
   648 | D        | Reached XP level 9. HP: 89/89 MP: 2/8
   723 | D        | Received a gift from Trog
   751 | D        | Found Uffusm's Magic Scroll Boutique.
   759 | D        | Reached ****** piety under Trog
   760 | D        | Noticed an orc high priest
   761 | D        | Killed an orc high priest
   761 | D        | Received a gift from Trog
   767 | D        | Received a gift from Trog
   848 | D        | Bought a scroll of fog for 28 gold pieces
   848 | D        | Bought a scroll of fear for 49 gold pieces
   881 | D        | Noticed a centaur warrior
   884 | D        | Reached skill level 16 in Axes
   886 | D        | Killed a centaur warrior
   907 | D        | Killed an unseen horror
   907 | D        | Reached XP level 10. HP: 97/100 MP: 6/9
   928 | D        | Killed an unseen horror
   928 | D        | Reached skill level 17 in Axes
  1009 | D        | Received a gift from Trog
  1031 | D        | Received a gift from Trog
  1069 | D        | Received a gift from Trog
  1303 | D        | Received a gift from Trog
  1303 | D        | Reached skill level 18 in Axes
  1643 | D        | Noticed a spiny frog
  1643 | D        | Noticed a spiny frog
  1645 | D        | Killed a spiny frog
  1650 | D        | Killed a spiny frog
  1650 | D        | Received a gift from Trog
  1775 | D        | Reached XP level 11. HP: 98/111 MP: 10/10
  1777 | D        | Reached skill level 19 in Axes
  1786 | D        | Received a gift from Trog
  1917 | D        | Noticed Rupert
  1930 | D        | HP: 3/166 [Rupert/great mace of holy wrath (7)]
  1931 | D        | Annihilated by Rupert

Skill      XL: |  1  2  3  4  5  6  7  8  9 10 11 |
---------------+----------------------------------+-----
Fighting       | 4 6 9 10 11 12 14 | 14.4
Axes           | 5 7 8 12 13 15 16 18 19 | 19.1
Armour         | 4 5 8 9 11 12 14 | 14.2
Dodging        | 3 4 5 7 9 10 11 13 | 13.2

Action                   |  1- 3 |  4- 6 |  7- 9 | 10-12 || total
-------------------------+-------+-------+-------+-------++-------
Melee: Hand axe          |    16 |     3 |    14 |       ||    33
       Headbutt          |     1 |     1 |    15 |    12 ||    29
       Battleaxe         |       |       |    22 |       ||    22
       Broad axe         |       |       |     8 |   118 ||   126
Invok: Berserk           |     2 |     1 |     4 |     2 ||     9
       Burn Spellbooks   |       |     1 |       |       ||     1
       Brothers in Arms  |       |       |     1 |     2 ||     3
  Eat: Chunk             |       |     1 |     6 |     1 ||     8
       Ration            |       |       |       |     1 ||     1
Armor: Ring mail         |       |       |     4 |       ||     4
       Chain mail        |       |       |    11 |    51 ||    62
Dodge: Dodged            |     7 |     6 |    19 |    61 ||    93
